 Dungeon Crawl Stone Soup version 0.31.0-11-ge490571c62 (webtiles) character file.

Game seed: 18032252609770413105

8518 Zeia the Fighter (level 11, -13/86 HPs)
             Began as a Djinni Fire Elementalist on Jan 27, 2024.
             Was a Priest of Makhleb.
             Mangled by Gastronok (35 damage)
             ... on level 1 of the Lair of Beasts.
             The game lasted 00:42:14 (10898 turns).

Zeia the Fighter (Djinni Fire Elementalist)        Turns: 10898, Time: 00:42:15

Health: -13/86     AC:  9    Str:  5    XL:     11   Next: 57%
Gold:   433        EV: 17    Int: 24    God:    Makhleb [***...] SH:  0 Dex: 15

rFire   + + .        u - +3 short sword (elec)
rCold   . . .        (no shield)
rNeg    + + .        q - +0 robe of Lakepax {Int+4}
rPois   ∞            F - +5 helmet of the Gastropod {Str+2}
rElec   .            (no cloak)
rCorr   +            G - +0 pair of gloves
SInv    .            (boots unavailable)
Will    +....        (no amulet)
Stlth   ++           v - ring of protection from cold
HPRegen 0.34/turn    E - ring "Pymefio" {Wiz rN++ rCorr Str-4}
MPRegen 0.00/turn

%: wizardry (x1), infuse magic (-14 HP)
@: flying
A: sickness immunity, fire resistance 2, cold vulnerability 1, float, innate
caster, HP casting, extra vitality 1
a: Renounce Religion, Minor Destruction, Lesser Servant of Makhleb


You were on level 1 of the Lair of Beasts.
You worshipped Makhleb.
Makhleb was most pleased with you.
You visited 3 branches of the dungeon, and saw 11 of its levels.
You also visited: Bailey.

You collected 586 gold pieces.
You spent 153 gold pieces at shops.

Inventory:

Hand Weapons
 f - a +0 dagger
 k - a +0 dagger of venom
 s - a +1 short sword of draining
 u - a +3 short sword of electrocution (weapon)
Missiles
 D - 3 throwing nets
Armour
 a - a +0 robe
 l - a scarf of shadows
 m - a +0 helmet
 q - the +0 robe of Lakepax (worn) {Int+4}
   (You bought it in a shop on level 4 of the Dungeon)

   Int+4:     It affects your intelligence (+4).
 r - a +2 robe of willpower
 B - the +15 Maxwell's patent armour {-Cast -Tele rElec Will+ rCorr}
   (You found it in a bailey)

   rElec:     It insulates you from electricity.
   Will+:     It increases your willpower.
   -Cast:     It prevents spellcasting.
   -Tele:     It prevents most forms of teleportation.
   rCorr:     It protects you from acid and corrosion.
 F - the +5 helmet of the Gastropod (worn) {Str+2}
   (You acquired it on level 1 of the Lair of Beasts)

   Str+2:     It affects your strength (+2).
 G - a +0 pair of gloves (worn)
Jewellery
 h - an amulet of reflection
 p - a ring of resist corrosion
 v - a ring of protection from cold (left hand)
 E - the ring "Pymefio" (right hand) {Wiz rN++ rCorr Str-4}
   (You found it on level 8 of the Dungeon)

   [ring of wizardry]

   Wiz:       It improves your spell success rate.
   Str-4:     It affects your strength (-4).
   rN++:      It greatly protects you from negative energy.
   rCorr:     It protects you from acid and corrosion.
Wands
 e - a wand of mindburst (29)
 w - a wand of iceblast (5)
 A - a wand of paralysis (8)
 H - a wand of polymorph (13)
Scrolls
 g - 7 scrolls of teleportation
 n - 4 scrolls of immolation
 o - 3 scrolls of identify
 y - a scroll of blinking
 C - 2 scrolls of enchant weapon
 I - a scroll of fear {unknown}
Potions
 c - 2 potions of curing
 d - 2 potions of attraction {unknown}
 i - 3 potions of degeneration
 j - 2 potions of invisibility
 t - a potion of magic
 x - 2 potions of might
 z - a potion of mutation {unknown}


   Skills:
 + Level 10.7 Fighting
 + Level 9.6 Dodging
 - Level 1.5 Stealth
 + Level 9.0 Spellcasting
 + Level 9.0 Conjurations
 + Level 9.0 Hexes
 + Level 9.0 Summonings
 + Level 9.0 Necromancy
 + Level 9.0 Translocations
 + Level 9.0 Fire Magic
 + Level 9.0 Ice Magic
 + Level 9.0 Air Magic
 + Level 9.0 Earth Magic
 + Level 9.0 Alchemy


You knew the following spells:

 Your Spells              Type           Power      Damage    Failure   Level
a - Foxfire               Conj/Fire      100%       2x1d9     1%          1
b - Scorch                Fire           100%       2d9       1%          2
c - Volatile Blastmotes   Fire/Tloc      100%       2d18      1%          3
d - Inner Flame           Hex/Fire       52%        N/A       1%          3
e - Flame Wave            Conj/Fire      52%        2d13      1%          4
f - Kiss of Death         Conj/Necr      100%       2d13      1%          1
g - Lesser Beckoning      Tloc           100%       N/A       1%          2
h - Static Discharge      Conj/Air       100%       3-8/arc   1%          2
i - Leda's Liquefaction   Alch/Erth      26%        N/A       1%          4
j - Passage of Golubria   Tloc           52%        N/A       1%          4
Your spell library was empty.

Dungeon Overview and Level Annotations

Branches:
Dungeon (9/15)             Temple (1/1) D:7            Lair (1/5) D:9
 Bailey (visited)
    Orc: D:9-12

Altars:
Ashenzari
Cheibriados
Dithmenos
Elyvilon
Fedhas
Gozag
Hepliaklqana
Makhleb
Nemelex Xobeh
Okawaru
Qazlal
Ru
Trog
Uskayaw
Wu Jian
Xom
Yredelemnul
Zin
The Shining One

Shops:
D:4 (([=   D:7 [**   D:8 (*=

Annotations:
Lair:1 Gastronok


Innate Abilities, Weirdness & Mutations

You are immune to sickness and miasma.
You are immune to poison.
Your flesh is very heat resistant. (rF++)
You are vulnerable to cold. (rC-)
You float through the air rather than walking.
You learn spells naturally, not from books.
Your magical power is your life essence.
You have superior vitality. (+4 MHP)


Message History

Gastronok is heavily wounded.
You are struck by an arc of lightning.
Gastronok is struck by an arc of lightning.
Gastronok is heavily wounded.
The lightning grounds out.
Casting: Static Discharge (safe; 1% risk of failure)
Confirm with . or Enter, or press ? or * to list all spells.
Flames lash Gastronok.
Gastronok is severely wounded.
Gastronok's fire resistance burns away.
Gastronok waves his eye-stalks in wide circles.
The air twists around and strikes you!!!
* * * LOW HITPOINT WARNING * * *
You feel much better.
Casting: Scorch (safe; 1% risk of failure)
Confirm with . or Enter, or press ? or * to list all spells.
Flames lash Gastronok.
Gastronok is burned terribly!
Gastronok is severely wounded.
Gastronok bites you!
* * * LOW HITPOINT WARNING * * *
Unknown command.
Casting: Scorch (safe; 1% risk of failure)
Confirm with . or Enter, or press ? or * to list all spells.
Okay, then.
You feel much better.
Okay, then.
Casting: Scorch (safe; 1% risk of failure)
Confirm with . or Enter, or press ? or * to list all spells.
Flames lash Gastronok.
Gastronok is burned terribly!
Gastronok is almost dead.
Gastronok bites you!!
* * * LOW HITPOINT WARNING * * *
Casting: Scorch (safe; 1% risk of failure)
Confirm with . or Enter, or press ? or * to list all spells.
Flames lash Gastronok.
Gastronok is burned terribly!
Gastronok is almost dead.
* * * LOW HITPOINT WARNING * * *
You feel better. Gastronok bites you!!
You die...
Gastronok gurgles, "Time to dig in!"

#...........+.##
#...........###
####..#.#####
###.#....####
#...........##
#............####
#...............#
#........w..###..#
#........@..# ....
#............# ###
##........<..#
#.......÷...#
#...........#
####.#####P## ##
###


You could see Gastronok (combustible).

Vanquished Creatures
  Pikel (D:6)
  An orc knight (Bailey)
  A rime drake (D:9)
  2 komodo dragons (Lair:1)
  3 polar bears
  A hornet (D:8)
  Grinder (D:4)
  Sigmund (D:4)
  A wyvern (Lair:1)
  A yak (Lair:1)
  Menkaure (D:4)
  2 water moccasins (D:9)
  10 orc warriors
  3 ice beasts
  2 sky beasts
  2 black bears
  2 centaurs
  3 ogres
  A wolf (D:9)
  A lemure (D:6)
  A phantom (D:5)
  2 kobold brigands
  Blork the orc (D:4)
  2 bullfrogs
  2 gnoll sergeants (D:9)
  2 wights (D:8)
  15 killer bees
  4 howler monkeys
  2 bombardier beetles
  3 centaur zombies (D:8)
  3 hounds
  A jelly (D:6)
  A gnoll bouda (D:7)
  7 orc priests
  2 sleepcaps
  Jessica (D:3)
  3 iguanas
  9 orc wizards
  Robin (D:3)
  4 howler monkey zombies (D:8)
  26 gnolls
  6 adders
  A shadow imp (D:7)
  2 ribbon worms
  2 dart slugs (D:1)
  49 orcs
  2 bats (D:2)
  6 endoplasms
  A giant cockroach (D:1)
  16 goblins
  10 hobgoblins
  21 kobolds
  3 ball pythons
  7 frilled lizards
  A rat (D:3)
259 creatures vanquished.

Vanquished Creatures (others)
  A vampire (D:9)
  410 foxfires
411 creatures vanquished.

Grand Total: 670 creatures vanquished

Notes
Turn   | Place    | Note
-------+----------+-------------------------------------------
     0 | D:1      | Zeia the Djinni Fire Elementalist began the quest for the
                  | Orb.
     0 | D:1      | Zeia set off with the following spells memorised: Foxfire,
                  | Scorch, Volatile Blastmotes, Inner Flame, Flame Wave.
     0 | D:1      | Reached XP level 1. HP: 15/15 MP: 0/0
    47 | D:1      | Reached skill level 1 in Fighting
    47 | D:1      | Reached XP level 2. HP: 7/22 MP: 0/0
   288 | D:1      | Reached XP level 3. HP: 22/27 MP: 0/0
   288 | D:1      | Learned a level 1 spell: Kiss of Death
   702 | D:2      | Reached skill level 2 in Fighting
   872 | D:2      | Reached XP level 4. HP: 33/33 MP: 0/0
   933 | D:2      | Found a faded altar of an unknown god.
  1084 | D:3      | Noticed Jessica
  1090 | D:3      | Killed Jessica
  1443 | D:3      | Reached XP level 5. HP: 37/40 MP: 0/0
  1443 | D:3      | Learned a level 2 spell: Lesser Beckoning
  1656 | D:3      | Reached skill level 3 in Fighting
  1748 | D:3      | Noticed Robin
  1756 | D:3      | Killed Robin
  2215 | D:4      | Found Emauth's Weapon Shoppe.
  2219 | D:4      | Noticed Menkaure
  2255 | D:4      | Noticed Sigmund
  2257 | D:4      | Killed Menkaure
  2258 | D:4      | Reached skill level 4 in Fighting
  2258 | D:4      | Reached XP level 6. HP: 40/47 MP: 0/0
  2362 | D:4      | Noticed a +0 executioner's axe
  2373 | D:4      | Found Eschoaloi's Weapon Boutique.
  2421 | D:4      | Noticed a black bear
  2425 | D:4      | Killed a black bear
  2425 | D:4      | Noticed Blork the orc
  2479 | D:4      | Killed Blork the orc
  2480 | D:4      | Reached XP level 7. HP: 29/53 MP: 0/0
  2480 | D:4      | Learned a level 2 spell: Static Discharge
  2624 | D:4      | Reached skill level 5 in Fighting
  2624 | D:4      | Reached skill level 5 in Spellcasting
  2624 | D:4      | Reached skill level 5 in Conjurations
  2624 | D:4      | Reached skill level 5 in Hexes
  2624 | D:4      | Reached skill level 5 in Summonings
  2624 | D:4      | Reached skill level 5 in Necromancy
  2624 | D:4      | Reached skill level 5 in Translocations
  2624 | D:4      | Reached skill level 5 in Fire Magic
  2624 | D:4      | Reached skill level 5 in Ice Magic
  2624 | D:4      | Reached skill level 5 in Air Magic
  2624 | D:4      | Reached skill level 5 in Earth Magic
  2624 | D:4      | Reached skill level 5 in Alchemy
  2631 | D:4      | Noticed Grinder
  2644 | D:4      | Killed Grinder
  2669 | D:4      | Found Magraezewk's Jewellery Emporium.
  2723 | D:4      | Reached XP level 8. HP: 57/61 MP: 0/0
  2762 | D:4      | Found Ximut's Antique Armour Shoppe.
  2768 | D:4      | Bought an ichor-stained robe for 153 gold pieces
  2768 | D:4      | Identified the +0 robe of Lakepax {Int+4} (You bought it in
                  | a shop on level 4 of the Dungeon)
  2784 | D:4      | Killed Sigmund
  2785 | D:4      | Reached skill level 6 in Fighting
  2866 | D:4      | Noticed a +0 bardiche
  3236 | D:5      | Entered Level 5 of the Dungeon
  4030 | D:5      | Reached skill level 7 in Fighting
  4079 | D:5      | Reached XP level 9. HP: 64/68 MP: 0/0
  4079 | D:5      | Learned a level 4 spell: Leda's Liquefaction
  4757 | D:6      | Noticed Pikel
  4766 | D:6      | Killed Pikel
  4767 | D:6      | Reached skill level 8 in Fighting
  4767 | D:6      | Reached skill level 5 in Dodging
  5346 | D:7      | Found Bosiut's Armour Shop.
  5528 | D:7      | Found Otoolih's General Store.
  5530 | D:7      | Found Raum's Specific Store.
  5606 | D:7      | Reached XP level 10. HP: 62/77 MP: 0/0
  6087 | D:7      | Found a sparkling altar of Nemelex Xobeh.
  6123 | D:7      | Found a staircase to the Ecumenical Temple.
  6132 | Temple   | Entered the Ecumenical Temple
  6138 | Temple   | Became a worshipper of Makhleb the Destroyer
  6291 | D:7      | Found a bloodstained altar of Trog.
  6293 | D:7      | Found a blossoming altar of Fedhas.
  6294 | D:7      | Found a glowing golden altar of the Shining One.
  6649 | D:8      | Found a flagged portal.
  6658 | Bailey   | Entered a bailey
  6673 | Bailey   | Reached skill level 9 in Fighting
  6995 | Bailey   | Reached * piety under Makhleb
  7142 | Bailey   | Noticed an orc knight
  7184 | Bailey   | Killed an orc knight
  7327 | Bailey   | Found the +15 Maxwell's patent armour {-Cast -Tele rElec
                  | Will+ rCorr}
  7783 | D:8      | Found a white marble altar of Elyvilon.
  7856 | D:8      | Found Toiceneps's Jewellery Boutique.
  8074 | D:8      | Found Syizxun's Assorted Antiques.
  8131 | D:8      | Identified the ring "Pymefio" {Wiz rN++ rCorr Str-4}
  8178 | D:8      | Found Tetoxt's Weapon Emporium.
  8452 | D:9      | Reached XP level 11. HP: 84/85 MP: 0/0
  8452 | D:9      | Learned a level 4 spell: Passage of Golubria
  8476 | D:9      | Reached ** piety under Makhleb
  8480 | D:8      | Reached skill level 10 in Fighting
  9539 | D:9      | Found a hazy altar of Hepliaklqana.
  9624 | D:9      | Found a staircase to the Lair.
  9964 | D:9      | Reached *** piety under Makhleb
 10237 | Lair:1   | Entered Level 1 of the Lair of Beasts
 10323 | Lair:1   | Identified a scroll of acquirement
 10323 | Lair:1   | Acquired the +5 helmet of the Gastropod {Str+2}
 10403 | Lair:1   | Noticed Gastronok
 10892 | Lair:1   | HP: 4/86 [Gastronok/the air (36)]
 10898 | Lair:1   | Mangled by Gastronok

Illustrated notes

Levels and vault maps discovered:
D:1:      dpeg_arrival_orchard, layout_basic
D:2:      layout_rooms, shapermc_ecumenical_altar_starsandcircs
D:3:      minmay_door_path, layout_basic, dreamdust_princess_corridor,
          uniq_jessica, uniq_robin
D:4:      layout_cave_pools, serial_shops, nicolae_shop_gaudy_bauble,
          nicolae_shop_mannequins, nicolae_shop_dealshenge, shop, uniq_grinder,
          uniq_sigmund, uniq_blork_the_orc, uniq_menkaure
D:5:      layout_loops_corners
D:6:      layout_loops_ring, hangedman_decor_growths, uniq_pikel
D:7:      layout_basic, grunt_temple_overflow_open,
          minmay_temple_entry_enclosed_plants, serial_shops,
          nicolae_stop_n_shop_2, nicolae_specific_store
D:8:      layout_basic, mainiacjoe_overflow_six_doors_small, enter_bailey_5,
          serial_shops, shop, shop, shop, serial_undead, serial_undead_a,
          serial_undead_c, serial_undead_e, serial_undead_e,
          kennysheep_generic_room_2
D:9:      layout_cave_pools, worldfamousw_hep_ancestral_shrine,
          mainiacjoe_overflow_alcove_1, hellmonk_lair_entry_icy
Temple:   hellmonk_temple_two_chambers
Lair:1:   layout_roguey, serial_bayou_shore_a, uniq_gastronok

Skill      XL: |  1  2  3  4  5  6  7  8  9 10 11 |
---------------+----------------------------------+-----
Fighting       | 1 2 4 5 7 8 9 10 | 10.7
Spellcasting   | 4 5 6 7 8 9 |  9.0
Conjurations   | 4 5 6 7 8 9 |  9.0
Hexes          | 4 5 6 7 8 9 |  9.0
Summonings     | 4 5 6 7 8 9 |  9.0
Necromancy     | 4 5 6 7 8 9 |  9.0
Translocations | 4 5 6 7 8 9 |  9.0
Fire Magic     | 4 5 6 7 8 9 |  9.0
Ice Magic      | 4 5 6 7 8 9 |  9.0
Air Magic      | 4 5 6 7 8 9 |  9.0
Earth Magic    | 4 5 6 7 8 9 |  9.0
Alchemy        | 4 5 6 7 8 9 |  9.0
Dodging        | 3 6 8 9 |  9.6
Stealth        | |  1.5

Action                     |  1- 3 |  4- 6 |  7- 9 | 10-12 || total
---------------------------+-------+-------+-------+-------++-------
  Melee: Dagger            |    10 |    21 |       |       ||    31
         Short sword       |       |       |     4 |     1 ||     5
   Cast: Foxfire           |    32 |    18 |    69 |   128 ||   247
         Scorch            |     3 |    35 |   100 |   161 ||   299
         Leda's Liquefacti |       |       |     4 |     6 ||    10
         Flame Wave        |       |       |       |    11 ||    11
         Inner Flame       |       |       |       |     1 ||     1
         Static Discharge  |       |       |       |    13 ||    13
    Use: Scroll            |       |       |    11 |     4 ||    15
         Potion            |       |       |       |     5 ||     5
   Stab: Sleeping          |       |     2 |       |       ||     2
 Armour: Robe              |     9 |    18 |    19 |   129 ||   175
  Dodge: Dodged            |     7 |    19 |    27 |   133 ||   186
